 Dungeon Crawl Stone Soup version 0.18-a0-1140-g8540535 (webtiles) character file.

1001 Arkorax the Geomancer (level 8, -2/41 HPs)
             Began as a Gargoyle Earth Elementalist on Jan 21, 2016.
             Slain by a hill giant
             ... wielding a +0 giant club
              (18 damage)
             ... on level 6 of the Dungeon.
             The game lasted 00:10:29 (6126 turns).

Arkorax the Geomancer (Gargoyle Earth Elementalist) Turns: 6126, Time: 00:10:29

Health: -2/41      AC:  7    Str: 13    XL:     8   Next: 20%
Magic:  0/15       EV: 12    Int: 17    God:
Gold:   291        SH:  0    Dex: 12    Spells: 3 memorised, 7 levels left

rFire  . . .     SeeInvis .     f - +2 whip (flame)
rCold  . . .     Gourm    .     y - +0 robe "Plog" {rElec Dex+2}
rNeg   + . .     Faith    .     (no shield)
rPois  ∞         Spirit   .     (no helmet)
rElec  +         Dismiss  .     (no cloak)
rCorr  .         Reflect  .     (no gloves)
SustAt .         Harm     .     (no boots)
MR     .....                    (no amulet)
Stlth  ++........               (no ring)
                                (no ring)

@: not resistant to hostile enchantments, unstealthy
A: negative energy resistance 1, electricity resistance, unbreathing,
petrification resistance, rot immunity, AC +5
a: no special abilities


You were on level 6 of the Dungeon.
You were not hungry.

You visited 1 branch of the dungeon, and saw 6 of its levels.
You also visited: Ossuary.

You collected 291 gold pieces.

Inventory:

Hand Weapons
 f - a +2 whip of flaming (weapon)
 w - a +1 falchion of slicing
Missiles
 b - 204 stones (quivered)
Armour
 y - the +0 robe "Plog" (worn) {rElec Dex+2}
   (You found it on level 4 of the Dungeon)

   It affects your dexterity (+2).
   It insulates you from electricity.
Jewellery
 i - an uncursed ring of ice
 r - an uncursed ring of ice
Wands
 d - a wand of fireball (9/15)
Scrolls
 a - a scroll of random uselessness {unknown}
 e - 4 scrolls of remove curse {unknown}
 h - a scroll of fear {unknown}
 k - a scroll of teleportation {unknown}
 m - a scroll of recharging {unknown}
 n - 2 scrolls of noise {unknown}
 o - a scroll of fog {unknown}
 p - 5 scrolls of identify {unknown}
 q - a scroll of blinking {unknown}
 s - a scroll of immolation {unknown}
Potions
 j - 7 potions of curing
 l - a potion of heal wounds {unknown}
 t - a potion of ambrosia {unknown}
Books
 c - a book of Geomancy

   Spells                             Type                      Level
   a - Sandblast                      Earth                        1
   b - Stoneskin                      Transmutation/Earth          2
   c - Passwall                       Transmutation/Earth          3
   d - Stone Arrow                    Conjuration/Earth            3
   e - Petrify                        Transmutation/Earth          4
   f - Lee's Rapid Deconstruction     Earth                        5
 v - a book of Battle

   Spells                             Type                      Level
   a - Infusion                       Charms                       1
   b - Shroud of Golubria             Charms/Translocation         2
   c - Song of Slaying                Charms                       2
   d - Spectral Weapon                Hexes/Charms                 3
   e - Regeneration                   Charms/Necromancy            3
Comestibles
 g - a beef jerky
 u - a meat ration
 x - a chunk of flesh


   Skills:
 - Level 1.5 Dodging
 - Level 2.1 Stealth
 + Level 4.8 Spellcasting
 - Level 4.0 Conjurations
   Level 0.7 Transmutations
 * Level 9.0 Earth Magic


You had 7 spell levels left.
You knew the following spells:

 Your Spells              Type           Power        Failure   Level  Hunger
a - Sandblast             Erth           ####..       1%          1    None
b - Stone Arrow           Conj/Erth      ####..       3%          3    ###....
c - Lee's Rapid Deconstr  Erth           ####......   12%         5    ######.


Dungeon Overview and Level Annotations

Branches:
Dungeon (6/15)
 Temple: D:4-7

Altars:
Sif Muna
Yredelemnul


Innate Abilities, Weirdness & Mutations

You are resistant to torment.
Your stone body is resilient (AC +5).
You are immune to poison.
You resist negative energy.
You are resistant to electric shocks.
You can survive without breathing.
You are immune to petrification.
You are immune to rotting.


Message History

Aiming: Stone Arrow
Press: ? - help, Shift-Dir - straight line, f - hill giant
Aim: a hill giant, wielding a giant club (severely wounded)
The stone arrow hits the hill giant.
The hill giant is almost dead.
The hill giant hits you with a giant club!!
Ouch! That really hurt!
* * * LOW HITPOINT WARNING * * *
The hill giant closely misses you.
Things that are here:
an enchanted falchion; a robe
Casting: Stone Arrow
Confirm with . or Enter, or press ? or * to list all spells.
Aiming: Stone Arrow
Press: ? - help, Shift-Dir - straight line, f/p - hill giant
Aim: a hill giant, wielding a giant club (severely wounded)
The stone arrow hits the hill giant.
The hill giant is almost dead.
The hill giant hits you with a giant club!!
You die...

#....# ######## #....#
##......## #######....#
#........## #..........#
..........#####..........#
...........).............#
..........#####..........#
..........# #..........#
..........# ##.@........#
.........### #.C..)....###
...........###........##
...........##........##
..............#......#
..........##....#.####
..........##......#
..........##...>###
#.............###


You could see a hill giant.

Vanquished Creatures
  Sigmund (D:2)
  2 ogres
  2 giant frogs
  A wight (D:6)
  A crimson imp (D:5)
  A jelly (D:6)
  2 orc priests (D:4)
  A hound (D:4)
  A giant frog skeleton (D:4)
  An orc wizard (D:4)
  An iguana (D:5)
  Terence (D:2)
  3 worker ants
  A hound skeleton (D:4)
  A mummy (Ossuary)
  6 adders
  An ooze (D:3)
  3 adder skeletons (D:4)
  4 worms
  15 orcs
  2 ball pythons (D:3)
  5 giant cockroaches
  7 goblins
  6 hobgoblins
  2 jackals (D:4)
  5 kobolds
  A quokka (D:3)
  4 bats (D:1)
  A giant gecko skeleton (D:4)
  4 giant newts
  A gnoll zombie (Ossuary)
  2 hobgoblin zombies (Ossuary)
  A kobold zombie (Ossuary)
  An orc zombie (Ossuary)
  6 rats
97 creatures vanquished.

Vanquished Creatures (others)
  A plant (D:4)
1 creature vanquished.

Grand Total: 98 creatures vanquished

Notes
Turn   | Place    | Note
--------------------------------------------------------------
     0 | D:1      | Arkorax the Gargoyle Earth Elementalist began the quest for the Orb.
     0 | D:1      | Reached XP level 1. HP: 10/10 MP: 3/3
   165 | D:1      | Reached skill level 4 in Earth Magic
   243 | D:1      | Reached XP level 2. HP: 15/15 MP: 5/5
  1051 | D:2      | Reached XP level 3. HP: 17/19 MP: 6/6
  1061 | D:2      | Noticed Terence
  1100 | D:2      | Killed Terence
  1100 | D:2      | Reached skill level 5 in Earth Magic
  1393 | D:2      | Learned a level 3 spell: Stone Arrow
  1421 | D:2      | Reached XP level 4. HP: 7/24 MP: 0/8
  1667 | D:2      | Noticed Sigmund
  1678 | D:2      | Killed Sigmund
  1678 | D:2      | Reached skill level 6 in Earth Magic
  1678 | D:2      | Reached XP level 5. HP: 18/28 MP: 2/9
  2116 | D:3      | Reached XP level 6. HP: 32/32 MP: 10/10
  2126 | D:3      | Learned a level 5 spell: Lee's Rapid Deconstruction
  2139 | D:3      | Found a faded altar to an unknown god.
  2268 | D:3      | Found a deep blue altar of Sif Muna.
  2268 | D:3      | Found a basalt altar of Yredelemnul.
  3812 | D:4      | Reached XP level 7. HP: 24/36 MP: 12/12
  3857 | D:4      | Reached skill level 7 in Earth Magic
  4725 | D:4      | Got an opalescent robe
  4736 | D:4      | Identified the +0 robe "Plog" {rElec Dex+2} (You found it on level 4 of the Dungeon)
  4784 | D:5      | Entered Level 5 of the Dungeon
  5220 | D:5      | Reached skill level 8 in Earth Magic
  5491 | D:6      | Noticed a hill giant
  5530 | D:6      | Found a sand-covered staircase.
  5535 | Ossuary  | Entered an ossuary
  5573 | Ossuary  | Reached XP level 8. HP: 37/41 MP: 14/14
  5985 | D:6      | Reached skill level 9 in Earth Magic
  6126 | D:6      | Slain by a hill giant

Vault maps used:
D:1:      dpeg_arrival_court
D:2:      uniq_terence, uniq_sigmund
D:3:      gammafunk_temple_overflow_statue, ecumenical_altar_1
D:4:      wad_woods_pond, first_bread, hangedman_minor_gate_pass
D:5:      temple_hall, basic_altar
D:6:      enter_ossuary_2
Ossuary:  ossuary_tomb_3

Action                   |  1- 3 |  4- 6 |  7- 9 || total
-------------------------+-------+-------+-------++-------
Melee: Whip              |    75 |   143 |   117 ||   335
 Cast: Sandblast         |    10 |       |       ||    10
       Stone Arrow       |       |    15 |    31 ||    46
       Lee's Rapid Decon |       |       |     3 ||     3
  Use: Potion            |       |     1 |     1 ||     2
       Scroll            |       |       |     1 ||     1
 Stab: Sleeping          |     3 |     1 |     1 ||     5
  Eat: Chunk             |     2 |     1 |     1 ||     4
       Bread ration      |       |     2 |     2 ||     4
